 Bloatcrawl 2 version 0.50.1-497-g763ebf1 (webtiles) character file.

Game seed: 14409213968073529017, levelgen mode: deterministic

6435 Kalegnar the Thaumaturge (level 10, 0/37 HPs)
             Began as a Profound Elf Conjurer on Oct 16, 2020.
             Slain by an unseen horror (2 damage)
             ... on level 7 of the Dungeon.
             The game lasted 00:32:52 (6981 turns).

Kalegnar the Thaumaturge (Profound Elf Conjurer)    Turns: 6981, Time: 00:32:52

Health: 0/37       AC: 11    Str:  3    XL:     10   Next: 40%
Magic:  13/30      EV: 15    Int: 30    God:
Gold:   307        SH:  0    Dex: 17    Spells: 9/33 levels left Game modifiers: x1.5 XP

rFire   + . .      SeeInvis .    o - +1 dagger (vamp)
rCold   . . .      Gourm    .    (no shield)
rNeg    . . .      Faith    .    a - +0 robe
rPois   .          Spirit   .    (no helmet)
rElec   .          Reflect  .    (no cloak)
rCorr   .          Harm     .    x - +2 pair of gloves
MR      ++...                    (no boots)
Stlth   +++.......               (no amulet)
HPRegen 0.12/turn                m - +6 ring of protection
MPRegen 0.22/turn                p - ring of protection from fire

@: no status effects
A: no striking features
a: no special abilities


You were on level 7 of the Dungeon.
You were not hungry.

You visited 1 branch of the dungeon, and saw 7 of its levels.
You also visited: Sewer.

You collected 307 gold pieces.

Inventory:

Hand Weapons
 o - a +1 vampiric dagger (weapon)
Armour
 a - a +0 robe (worn)
 x - a +2 pair of gloves (worn)
Jewellery
 m - a +6 ring of protection (left hand)
 p - a ring of protection from fire (right hand)
Wands
 k - a wand of polymorph (2)
 y - a wand of iceblast (6)
 B - a wand of acid (7)
Scrolls
 b - a scroll of fog
 e - a scroll of enchant weapon {unknown}
 f - 3 scrolls of magic mapping {unknown}
 h - 4 scrolls of identify
 j - 4 scrolls of teleportation
 s - 2 scrolls of fear {unknown}
 u - 3 scrolls of remove curse {unknown}
 A - 2 scrolls of enchant armour {unknown}
Potions
 d - a potion of berserk rage {unknown}
 g - a potion of stabbing
 l - a potion of flight
 n - a potion of ambrosia {unknown}
 q - a potion of haste
 r - a potion of might {unknown}
 t - 3 potions of heal wounds
 v - a potion of curing {unknown}
 w - 4 potions of brilliance
 z - 2 potions of lignification {unknown}
Comestibles
 c - 12 rations


   Skills:
 + Level 5.9 Short Blades
 - Level 5.0 Dodging
 - Level 5.0 Stealth
 + Level 12.0 Spellcasting
 + Level 9.5 Conjurations
 - Level 6.0 Hexes
 - Level 3.0 Translocations
 + Level 5.9 Fire Magic
 + Level 5.8 Earth Magic


You had 9 spell levels left.
You knew the following spells:

 Your Spells              Type           Power        Failure   Level  Hunger
a - Magic Dart            Conj           ####         1%          1    None
b - Searing Ray           Conj           ######       1%          2    None
c - Dazzling Flash        Conj/Hex       ######       1%          3    None
d - Fulminant Prism       Conj/Hex       ######....   1%          4    None
e - Iskenderun's Mystic   Conj/Tloc      ######..     2%          4    None
f - Lee's Rapid Deconstr  Erth           ######....   7%          5    ##.....
g - Bolt of Magma         Conj/Fire/Erth ######....   4%          5    ##.....

Your spell library contained the following spells:

 Spells                   Type           Power        Failure   Level  Hunger
 Blink                    Tloc           N/A          1%          2    None
 Slow                     Hex            ######..     1%          2    None
 Conjure Flame            Conj/Fire      ######..     1%          3    None
 Stone Arrow              Conj/Erth      ######       1%          3    None
 Mephitic Cloud           Conj/Pois/Air  #####...     2%          3    None
 Call Imp                 Summ           ###.....     4%          2    None
 Frozen Ramparts          Ice            ###...       9%          3    None
 Summon Ice Beast         Ice/Summ       ###.....     28%         4    None


Dungeon Overview and Level Annotations

Branches:
Dungeon (7/15)              Sewer (visited)
 Temple: D:4-7

Altars:
Ashenzari
Cheibriados
Dithmenos
Hepliaklqana
Makhleb
Okawaru
Zin
The Shining One

Shops:
D:5 *


Message History

The searing ray hits the bullfrog zombie.
The bullfrog zombie is severely damaged.
Something hits you but does no damage. The bullfrog zombie misses you.
The searing ray hits the bullfrog zombie!
The bullfrog zombie is almost destroyed.
You finish channeling your searing ray.
The bullfrog zombie closely misses you. Something hits you.
* * * LOW HITPOINT WARNING * * *
Casting: Searing Ray (safe; 1% risk of failure)
Confirm with . or Enter, or press ? or * to list all spells.
Aiming: Searing Ray (safe; 1% risk of failure)
Press: ? - help, Shift-Dir - straight line, f/p - bullfrog zombie
Aim: a bullfrog zombie (almost destroyed)
The searing ray hits the bullfrog zombie!
You destroy the bullfrog zombie! (Press . to maintain the ray.)
Something hits you but does no damage. Something hits you but does no damage.
Something hits you.
You die...

.###. ..(..
.....#####
#........##########
#........@........#
#........##.......#
.........###..#...#
.......<.###..# .##
..........{...#
....>.........#
..................
....#......##..#...
....##....## .....#


There were no monsters in sight!

Vanquished Creatures
  2 two-headed ogres (D:6)
  The ghost of abdallah the Cudgeler, a novice GrBo of Ashenzari (D:6)
  Grinder (D:3)
  A hungry ghost (D:7)
  Menkaure (D:4)
  Duvessa (D:6)
  An orc warrior (D:6)
  2 sky beasts (D:6)
  A black bear (D:6)
  Purgy (Sewer)
  A phantom (D:7)
  7 ogres
  2 bullfrogs
  A water moccasin zombie (D:6)
  Dowan (D:6)
  A jelly (D:5)
  A bullfrog zombie (D:7)
  4 orc priests
  3 orc wizards
  A centaur skeleton (D:3)
  2 iguanas
  Ijyb (D:3)
  Natasha (D:4)
  3 worker ants (D:4)
  A hound zombie (D:7)
  A hound skeleton (D:6)
  A mummy (D:6)
  2 worker ant zombies (D:5)
  A howler monkey skeleton (D:4)
  A howler monkey zombie (D:5)
  11 adders
  2 oozes
  An adder skeleton (D:4)
  6 worms
  A dart slug (D:1)
  A leopard gecko (D:2)
  22 orcs
  6 giant cockroaches
  8 goblins
  6 hobgoblins
  6 jackals
  5 kobolds
  2 quokkas (D:5)
  7 bats
  8 frilled lizards
  A leopard gecko zombie (D:5)
  4 rats
145 creatures vanquished.

Vanquished Creatures (others)
  13 fulminant prisms
13 creatures vanquished.

Grand Total: 158 creatures vanquished

Notes
Turn   | Place    | Note
-------+----------+-------------------------------------------
     0 | D:1      | Kalegnar the Profound Elf Conjurer began the quest for the
                  | Orb.
     0 | D:1      | Reached XP level 1. HP: 7/7 MP: 9/9
   245 | D:1      | Reached XP level 2. HP: 11/11 MP: 8/11
   249 | D:1      | Learned a level 2 spell: Searing Ray
   274 | D:1      | Reached skill level 5 in Conjurations
   710 | D:1      | Reached XP level 3. HP: 14/14 MP: 10/13
   715 | D:1      | Learned a level 3 spell: Dazzling Flash
  1035 | D:2      | Reached skill level 5 in Spellcasting
  1110 | D:2      | Found a glowing golden altar of the Shining One.
  1273 | D:2      | Reached XP level 4. HP: 18/18 MP: 15/15
  1279 | D:2      | Learned a level 4 spell: Fulminant Prism
  1699 | D:3      | Noticed Ijyb
  1717 | D:3      | Killed Ijyb
  1717 | D:3      | Reached skill level 1 in Hexes
  1841 | D:3      | Reached skill level 5 in Stealth
  1841 | D:3      | Reached XP level 5. HP: 17/21 MP: 12/17
  1847 | D:3      | Learned a level 4 spell: Iskenderun's Mystic Blast
  1980 | D:3      | Found a glowing drain.
  1987 | Sewer    | Entered a sewer
  1994 | Sewer    | Reached skill level 6 in Spellcasting
  2010 | Sewer    | Noticed Purgy
  2016 | Sewer    | Killed Purgy
  2016 | Sewer    | Reached skill level 5 in Dodging
  2016 | Sewer    | Reached XP level 6. HP: 24/24 MP: 10/19
  2425 | D:3      | Noticed Grinder
  2430 | D:3      | Killed Grinder
  2430 | D:3      | Reached skill level 1 in Short Blades
  2430 | D:3      | Reached skill level 7 in Spellcasting
  2430 | D:3      | Reached skill level 1 in Translocations
  2430 | D:3      | Reached XP level 7. HP: 27/27 MP: 15/21
  2550 | D:3      | Reached skill level 5 in Hexes
  3213 | D:4      | Found a shattered altar of Ashenzari.
  3319 | D:4      | Noticed Menkaure
  3322 | D:4      | Killed Menkaure
  3679 | D:5      | Entered Level 5 of the Dungeon
  3685 | D:5      | Found a shadowy altar of Dithmenos.
  3689 | D:5      | Reached skill level 8 in Spellcasting
  3695 | D:5      | Reached XP level 8. HP: 31/31 MP: 12/24
  3981 | D:5      | Found a burning altar of Makhleb.
  3981 | D:5      | Found a hazy altar of Hepliaklqana.
  4053 | D:5      | Found an iron altar of Okawaru.
  4475 | D:5      | You fall into a shaft and drop 2 floors!
  4476 | D:7      | Identified Pooqo's Catalogue of Ice and the Rocks
  4484 | D:7      | Learned a level 5 spell: Lee's Rapid Deconstruction
  4490 | D:7      | Learned a level 5 spell: Bolt of Magma
  4501 | D:7      | Reached skill level 9 in Spellcasting
  4501 | D:7      | Reached skill level 1 in Fire Magic
  4501 | D:7      | Reached skill level 1 in Earth Magic
  4528 | D:6      | Noticed Duvessa
  4528 | D:6      | Noticed Dowan
  4541 | D:6      | Killed Duvessa
  4556 | D:6      | Killed Dowan
  4733 | D:6      | Reached XP level 9. HP: 29/34 MP: 15/26
  4764 | D:6      | Found a snail-covered altar of Cheibriados.
  4796 | D:6      | Noticed abdallah's ghost (novice GrBo)
  4797 | D:6      | Identified the cursed +1 great mace of Qazlal's Anger
                  | {protect, Int+3}
  4797 | D:6      | Identified the +10 dire flail of Beogh's Grace {antimagic,
                  | rF+ MR+ Stlth+}
  4797 | D:6      | Noticed a two-headed ogre
  4801 | D:6      | Found a transporter.
  4807 | D:6      | Found a transporter.
  4824 | D:6      | Reached skill level 10 in Spellcasting
  5067 | D:6      | Noticed a two-headed ogre
  5080 | D:6      | Killed a two-headed ogre
  5309 | D:5      | Found Zin's Purification Station.
  5312 | D:5      | Found a glowing silver altar of Zin.
  5704 | D:4      | Noticed Natasha
  5708 | D:4      | Killed Natasha
  5708 | D:4      | Reached skill level 5 in Short Blades
  5758 | D:4      | Reached skill level 11 in Spellcasting
  6481 | D:6      | Reached skill level 5 in Fire Magic
  6482 | D:6      | Reached XP level 10. HP: 37/37 MP: 22/29
  6501 | D:6      | Found a snail-covered altar of Cheibriados.
  6541 | D:6      | Reached skill level 5 in Earth Magic
  6637 | D:6      | HP: 1/37 [two-headed ogre/the cursed +1 great mace of
                  | Qazlal's Anger {protect, Int+3} (20)]
  6651 | D:6      | Killed a two-headed ogre
  6659 | D:6      | Killed abdallah's ghost
  6659 | D:6      | Reached skill level 12 in Spellcasting
  6981 | D:7      | Slain by an unseen horror

Levels and vault maps discovered:
D:1:      dpeg_arrival_round_b, layout_loops_ring
D:2:      layout_basic, tso_oasis_becter, first_ration, serial_co_window_serial,
          co_window_of_opportunity_a, co_window_corner_a,
          co_window_of_opportunity_a, co_window_of_opportunity_a,
          co_window_corner_a, co_window_corner_a, co_window_of_opportunity_a,
          co_window_corner_a, co_window_corner_a, co_window_corner_ca,
          co_window_paths_c, co_window_broadway_b
D:3:      layout_basic, lightli_sewer_entry_pipes, uniq_ijyb, uniq_grinder
D:4:      layout_basic, lemuel_crystal_altar, uniq_menkaure, uniq_natasha
D:5:      layout_basic, nicolae_dithmenos_shadow_blocks, zin_purify,
          kennysheep_okawaru_gauntlet,
          chequers_temple_overflow_statue_of_worship
D:6:      layout_loops_ring, slow_altar_1, gammafunk_ghost_smash, basic_altar,
          kennysheep_generic_room_12, uniq_duvessa
D:7:      layout_cave_pools, kennysheep_mini, minmay_temple_entry_antechambers,
          hangedman_minor_gate_pass

Skill      XL: |  1  2  3  4  5  6  7  8  9 10 |
---------------+-------------------------------+-----
Conjurations   | 5 6 7 9 |  9.5
Stealth        | 4 5 |  5.0
Spellcasting   | 5 6 7 8 9 11 12 | 12.0
Dodging        | 4 5 |  5.0
Hexes          | 2 3 4 5 6 |  6.0
Short Blades   | 1 2 3 5 |  5.9
Translocations | 1 2 3 |  3.0
Fire Magic     | 2 5 |  5.9
Earth Magic    | 2 4 5 |  5.8

Action                   |  1- 3 |  4- 6 |  7- 9 | 10-12 || total
-------------------------+-------+-------+-------+-------++-------
Melee: Dagger            |     7 |    36 |   105 |    10 ||   158
       Unarmed           |       |    11 |       |       ||    11
 Cast: Magic Dart        |    42 |    32 |    96 |     6 ||   176
       Searing Ray       |       |     9 |    26 |     5 ||    40
       Dazzling Flash    |       |       |    10 |     1 ||    11
       Fulminant Prism   |       |       |    11 |     2 ||    13
       Iskenderun's Myst |       |       |     8 |     4 ||    12
       Bolt of Magma     |       |       |     1 |     2 ||     3
  Use: Scroll            |       |     1 |     4 |       ||     5
       Potion            |       |     2 |       |       ||     2
 Stab: Sleeping          |     3 |     1 |     6 |       ||    10
       Invisible         |       |       |     4 |       ||     4
  Eat: Chunk             |     1 |     4 |    12 |     2 ||    19
Armor: Robe              |     3 |    11 |    45 |    11 ||    70
Dodge: Dodged            |     7 |    32 |   106 |    10 ||   155
